Selects Air and Sea Battlegroup
Selects Air and Sea Battlegroup
Construct Section Command Post
Construct Platoon Command Post
Construct Field Infirmary
Unlock M3 Stuart Light Tanks
6-pounder Anti-tank Gun Team
Construct Company Command Post
Selects Naval Bombardment
Unlock Towed 17-pounder Anti-tank Guns
17-pounder Anti-tank Gun Team
Selects Commando Section Paradrop
Selects Commando Support Section Paradrop
Commando Section Paradrop
Commando Section Paradrop
Selects Incendiary Bombing Run
Commando Support Section Paradrop
17-pounder Anti-tank Gun Team
17-pounder Anti-tank Gun Team